 Dungeon Crawl Stone Soup version 0.31-a0-364-gb59cdcccf2 (webtiles) character file.

Game seed: 4905718515976648645

1173 Dirtsage the Changeling (level 8, -5/52 HPs)
             Began as an Octopode Shapeshifter on July 28, 2023.
             Succumbed to Duvessa's poison
             ... on level 5 of the Dungeon.
             The game lasted 00:17:23 (4815 turns).

Dirtsage the Changeling (Octopode Shapeshifter)     Turns: 4815, Time: 00:17:24

Health: -5/52      AC:  9    Str: 26    XL:     8   Next: 41%
Magic:  23/23      EV: 10    Int: 12    God:
Gold:   229        SH:  0    Dex: 12    Spells: 7/7 levels left

rFire   . .          .
                       - Unarmed
rCold   . . .        (shield currently unavailable)
rNeg    . . .        (helmet currently unavailable)
rPois   .            q
                       - Hermit's Pendant {Faith Invo=14 Evo=0 MP+5}
rElec   .            o - ring of willpower
rCorr   .            r - +6 ring of strength
SInv    .            (no ring)
Will    +....        (no ring)
Stlth   +            (no ring)
HPRegen 0.28/turn    (no ring)
MPRegen 0.18/turn    (no ring)
                     (no ring)

%: faith
@: lethally poisoned (-5 -> -47), snake-form
A: constrict, almost no armour, amphibious, 8 rings, large, (camouflage 1),
(gelatinous body 1), (nimble swimmer 1), (tentacles)
a: Begin Untransformation


You were on level 5 of the Dungeon.
You were an enormous anaconda.
You visited 2 branches of the dungeon, and saw 6 of its levels.

You collected 229 gold pieces.

Inventory:

Missiles
 a - 2 throwing nets
Magical Staves
 d - a staff of air
Jewellery
 o - a ring of willpower (left tentacle)
 q - the Hermit's Pendant (around neck) {Faith Invo=14 Evo=0 MP+5}
   (You found it on level 3 of the Dungeon)

   [amulet of faith]

   Invo=14: It sets your Invocations skill to 14.
   Evo=0: It sets your Evocations skill to 0.
   It allows you to gain divine favour quickly.
   MP:        It affects your magic capacity (+5).
 r - a +6 ring of strength (right tentacle)
Talismans
 b - a beast talisman
 p - a serpent talisman
 v - a blade talisman
Wands
 t - a wand of flame (30)
 u - a wand of polymorph (7)
Scrolls
 c - 2 scrolls of blinking {unknown}
 e - 6 scrolls of teleportation {unknown}
 f - a scroll of fog {unknown}
 g - 8 scrolls of identify {unknown}
 k - a scroll of enchant armour {unknown}
 l - a scroll of butterflies {unknown}
 w - a scroll of immolation {unknown}
Potions
 h - 3 potions of curing {unknown}
 i - a potion of ambrosia {unknown}
 j - a potion of attraction {unknown}
 m - 2 potions of haste {unknown}
 n - a potion of enlightenment {unknown}
 s - a potion of invisibility {unknown}


   Skills:
 - Level 2.4 Fighting
 - Level 2.0 Dodging
 - Level 5.3 Unarmed Combat
 + Level 7.6 Shapeshifting


You had 7 spell levels left.
You didn't know any spells.
Your spell library was empty.

Dungeon Overview and Level Annotations

Branches:
Dungeon (5/15)             Temple (1/1) D:4

Altars:
Ashenzari
Cheibriados
Dithmenos
Hepliaklqana
Kikubaaqudgha
Nemelex Xobeh
Qazlal
Ru
Sif Muna
Trog
Uskayaw
Wu Jian
Yredelemnul
Zin

Annotations:
D:3 1 runed translucent door, Crazy Yiuf


Innate Abilities, Weirdness & Mutations

You are an enormous anaconda.
You have a powerful constriction melee attack.
Your armour is entirely melded.
You are incapable of wielding weapons or throwing items.
You cannot wear most types of armour.
You are amphibious.
You can wear up to eight rings at the same time.
((Your skin changes colour to match your surroundings (Stealth+).))
((Your rubbery body absorbs attacks. (AC +1, EV +1)))
((You are camouflaged when in or above water. (Stealth+)))
((You have tentacles for arms and can constrict up to eight enemies at once.))


Message History

You constrict Duvessa, but do no damage.
Duvessa hits you with a +0 short sword of venom!
You are poisoned.
Duvessa closely misses you.
You take 12 damage, and have 34/52 hp.
MASSIVE DAMAGE!!
You hit Duvessa but do no damage.
Duvessa is lightly wounded.
You constrict Duvessa, but do no damage.
You feel very sick. Duvessa hits you but does no damage.
You are more poisoned.
You take 4 damage, and have 30/52 hp.
You hit Duvessa.
Duvessa is lightly wounded.
You constrict Duvessa.
You feel very sick. Duvessa hits you but does no damage.
You are lethally poisoned!
You take 4 damage, and have 26/52 hp.
You hit Duvessa but do no damage.
Duvessa is moderately wounded.
You constrict Duvessa.
You feel very sick.
Duvessa hits you with a +0 short sword of venom. x2
You are more poisoned.
You take 10 damage, and have 16/52 hp.
You body-slam Duvessa!!
Duvessa is heavily wounded.
You constrict Duvessa!
* * * LOW HITPOINT WARNING * * *
You feel extremely sick.
Duvessa hits you with a +0 short sword of venom.
* * * LOW HITPOINT WARNING * * *
You are more poisoned.
You take 13 damage, and have 3/52 hp.
MASSIVE DAMAGE!!
You lash Duvessa!
Duvessa is almost dead.
You constrict Duvessa.
You kill Duvessa!
You die...

......#.........# ....#
................### .>.#
.....#............# e..#
...#............#.# ..#
...>............#.# .e#
.....#..........#.# #.#
.....##........##.# #.#
...............##.#####.#
................S)......#
................#.######)....#
..#.....†.......#.# .....#
.##.#...........#.#### .....#
....................... .....#
...#.##...........####. .....#
...#.#............# .....#
........#..).....###### .....#
.................##...#


There were no monsters in sight!

Vanquished Creatures
  Grinder (D:5)
  Edmund (D:5)
  Duvessa (D:5)
  A black bear (D:4)
  2 ogres (D:5)
  Dowan (D:5)
  2 howler monkeys (D:5)
  A jelly (D:5)
  2 hounds (D:5)
  An orc priest (D:4)
  Jessica (D:2)
  An iguana (D:4)
  A sleepcap (D:5)
  An orc wizard (D:5)
  3 gnolls (D:3)
  8 adders
  A shadow imp (D:5)
  2 white imps
  2 ufetubi (D:5)
  4 worms
  A dart slug (D:4)
  10 orcs
  7 bats
  5 endoplasms
  A giant cockroach (D:1)
  7 hobgoblins
  7 jackals
  6 quokkas
  9 ball pythons
  3 frilled lizards
  6 goblins
  5 kobolds
  6 rats
110 creatures vanquished.

Notes
Turn   | Place    | Note
-------+----------+-------------------------------------------
     0 | D:1      | Dirtsage the Octopode Shapeshifter began the quest for the
                  | Orb.
     0 | D:1      | Reached XP level 1. HP: 13/13 MP: 1/1
   123 | D:1      | Reached XP level 2. HP: 16/18 MP: 2/2
   368 | D:1      | Reached XP level 3. HP: 21/23 MP: 3/3
   714 | D:1      | You fall into a shaft and drop 1 floor!
  1250 | D:2      | Noticed Jessica
  1257 | D:2      | Killed Jessica
  1258 | D:2      | Reached XP level 4. HP: 28/28 MP: 4/4
  1524 | D:3      | Reached skill level 4 in Shapeshifting
  1598 | D:3      | Reached XP level 5. HP: 30/33 MP: 5/5
  1878 | D:3      | Found a faded altar of an unknown god.
  1878 | D:3      | Found the Hermit's Pendant {Faith Invo=14 Evo=0 MP+5}
  2226 | D:3      | Found a shimmering blue altar of Sif Muna.
  2391 | D:3      | Found a runed translucent door.
  2392 | D:3      | Noticed Crazy Yiuf
  2473 | D:3      | Found a broken altar of Ashenzari.
  2587 | D:3      | Identified the +2 leather armour of Julevae {rPois rC++}
  2830 | D:4      | Noticed a black bear
  2884 | D:4      | Found a staircase to the Ecumenical Temple.
  2890 | Temple   | Entered the Ecumenical Temple
  3304 | D:4      | Reached XP level 6. HP: 38/38 MP: 16/16
  4033 | D:4      | Found a snail-covered altar of Cheibriados.
  4104 | D:5      | Entered Level 5 of the Dungeon
  4108 | D:5      | Reached skill level 5 in Unarmed Combat
  4109 | D:5      | Noticed Edmund
  4140 | D:4      | Killed a black bear
  4141 | D:4      | Reached skill level 5 in Shapeshifting
  4151 | D:5      | Killed Edmund
  4152 | D:5      | Reached XP level 7. HP: 33/45 MP: 17/17
  4219 | D:5      | Noticed Grinder
  4241 | D:5      | Reached skill level 6 in Shapeshifting
  4243 | D:5      | Killed Grinder
  4244 | D:5      | Reached XP level 8. HP: 7/51 MP: 18/18
  4393 | D:5      | Reached skill level 7 in Shapeshifting
  4588 | D:5      | Noticed Duvessa
  4589 | D:5      | Noticed Dowan
  4685 | D:5      | Killed Dowan
  4724 | D:5      | Found an ornate altar of the Wu Jian Council.
  4815 | D:5      | Killed Duvessa
  4815 | D:5      | Succumbed to Duvessa's poison

Illustrated notes

Levels and vault maps discovered:
D:1:      scummos_arrival_hexagon, layout_basic
D:2:      layout_rooms, small_statue_intersection, mrwooster_statue_mirror,
          uniq_jessica
D:3:      layout_loops_ring, ashenzari_conservatory_becter,
          nicolae_sif_muna_little_library, reono_crystal_passage,
          hellmonk_guarded_unrand_hermit, uniq_crazy_yiuf_cottage
D:4:      layout_basic, kennysheep_little_box,
          minmay_temple_entry_enclosed_plants, palyth_stone_intersect,
          nicolae_figureground_pulse
D:5:      minmay_diamond_boxcup, layout_rooms, mainiacjoe_overflow_tiny_flanked,
          kennysheep_mini_moat, uniq_grinder, uniq_edmund, uniq_duvessa
Temple:   nicolae_temple_bog_church

Skill      XL: |  1  2  3  4  5  6  7  8 |
---------------+-------------------------+-----
Unarmed Combat | 4 5 |  5.3
Shapeshifting  | 4 5 6 7 |  7.6
Fighting       | 2 |  2.4
Dodging        | |  2.0

Action                     |  1- 3 |  4- 6 |  7- 9 || total
---------------------------+-------+-------+-------++-------
  Melee: Unarmed           |    71 |    98 |    66 ||   235
         Constrict         |    18 |    22 |    16 ||    56
         Tentacles         |    11 |    15 |       ||    26
         Punch             |     2 |     5 |       ||     7
    Use: Potion            |       |     1 |       ||     1
   Stab: Sleeping          |     8 |     6 |       ||    14
         Distracted        |       |     1 |       ||     1
 Armour: Skin              |    10 |    16 |    30 ||    56
  Dodge: Dodged            |    50 |    44 |    22 ||   116
   Form: Anaconda          |       |     2 |     1 ||     3
                           |       |     1 |       ||     1
         Beast             |       |     1 |       ||     1
         Blade             |       |       |     1 ||     1

Table legend: (Time is in decaauts)
 A = Elapsed time spent in this place.
 B = Non-inter-level travel time spent in this place.
 C = Inter-level travel time spent in this place.
 D = Time resting spent in this place.
 E = Time spent auto-exploring this place.
 F = Levels seen in this place.
 G = Mean time per level.
                   A        B        C        D        E       F      G
               +--------+--------+--------+--------+--------+-----+--------+
         Total |   4794 |   4650 |    144 |    234 |   3439 |   6 |  799.0 |
       Dungeon |   4713 |   4582 |    131 |    234 |   3439 |   5 |  942.6 |
        Temple |     81 |     68 |     13 |      0 |      0 |   1 |   81.0 |
               +--------+--------+--------+--------+--------+-----+--------+

Top non-repeatable levels by time:
     D:4: 1367 daAuts
     D:3: 1270 daAuts
     D:1: 980 daAuts
     D:5: 562 daAuts
     D:2: 531 daAuts
  Temple: 81 daAuts
